Map: Echo LE

Players

Laufeyson

  • Race: Terran Terran
  • Spawn Location: 5:00

Kapu (Jade) - Winner!

  • Race: Protoss Protoss
  • Spawn Location: 11:00

Event: LycanGTV LotV Beta Tournament 1

VOD

Have the link to the VOD?

Description

Time

  • Played on: April 2, 2015, 12:49 p.m.
  • Length: 8:56

All games in this series

Show
View Real Time Build Order
Export as new Build Order

Laufeyson Terran 

Build Orders: Cyclone Opening 

Get SALT Encoding   

  12  0:01  SCV  
  13  0:13  SCV  
  14  0:25  SCV, Supply Depot  
  15  0:45  Refinery  
  15  0:47  SCV  
  15  0:48  Barracks  
  16  0:59  SCV  
  17  1:11  SCV  
  17  1:13  Supply Depot  
  18  1:23  SCV  
  19  1:35  Marine  
  19  1:36  Orbital Command  
  20  1:52  Factory  
  20  1:53  Marine  
  21  2:05  SCV  
  22  2:14  Command Center  
  22  2:16  Marine  
  22  2:18  SCV  
  24  2:24  Supply Depot  
  24  2:34  SCV  
  24  2:35  Marine  
  24  2:36  Factory Tech Lab  
  26  2:46  SCV  
  26  2:48  Supply Depot  
  27  2:54  Cyclone  
  27  2:57  Marine  
  31  3:02  SCV  
  31  3:04  Refinery  
  32  3:10  Supply Depot  
  32  3:15  SCV  
  32  3:16  Barracks Reactor  
  33  3:27  SCV, Orbital Command  
  33  3:29  Hellion  
  36  3:40  Missile Turret  
  36  3:44  SCV  
  36  3:50  Orbital Command  
  36  3:52  Cyclone, Marine  
  40  3:59  Marine  
  40  4:00  SCV  
  42  4:11  Missile Turret  
  42  4:12  SCV, Marine  
  42  4:16  SCV  
  45  4:22  Marine  
  46  4:24  SCV  
  46  4:26  Cyclone  
  46  4:30  SCV  
  46  4:31  Marine  
  52  4:37  SCV  
  53  4:40  Marine  
  53  4:42  SCV  
  55  4:48  Marine  
  56  4:55  SCV  
  56  4:56  SCV  
  58  5:01  Barracks x2  
  58  5:02  Starport  
  58  5:06  Factory Tech Lab, Refinery  
  56  5:07  SCV, Refinery  
  57  5:14  Marine  
  57  5:15  Marine  
  57  5:18  SCV  
  57  5:19  SCV  
  58  5:23  Missile Turret  
  58  5:28  Cyclone  
  60  5:30  Missile Turret  
  60  5:32  SCV x2  
  61  5:36  Marine  
  58  5:44  SCV  
  58  5:49  SCV  
  58  5:58  Marine x2  
  60  6:04  SCV  
  60  6:05  Supply Depot  
  60  6:07  Command Center, Barracks Tech Lab  
  48  6:26  Marine  
  48  6:27  Marauder, Marine x2  
  48  6:28  Stimpack  
  48  6:30  Cyclone  
  50  6:35  SCV x2  
  50  6:37  Bunker, Starport Reactor  
  52  6:46  Engineering Bay  
  52  6:49  Armory, Engineering Bay  
  52  6:52  Marine x3  
  52  6:54  Marauder  
  55  7:06  SCV  
  56  7:09  Cyclone  
  56  7:11  SCV  
  56  7:14  Barracks  
  60  7:15  Barracks  
  60  7:17  Supply Depot  
  60  7:18  SCV  
  60  7:19  Medivac x2  
  65  7:23  Marine x2  
  65  7:25  Barracks Tech Lab  
  67  7:31  SCV  
  67  7:36  Orbital Command  
  67  7:46  Marauder, Marine x2  
  71  7:52  Marauder  
  71  7:57  SCV x2  
  75  8:05  Barracks Tech Lab  
  75  8:06  Barracks Reactor  
  75  8:08  Marine x2, Marauder  
  75  8:09  Missile Turret  
  75  8:11  Cyclone  
  82  8:15  Medivac  
  82  8:17  SCV  
  82  8:19  Marine  
  86  8:25  Marine  
  86  8:26  Marine x2  
  88  8:29  SCV  
  88  8:30  Marine  
  92  8:37  Marine  
Show
View Real Time Build Order
Export as new Build Order

Kapu Protoss - Winner!

Build Orders: Phoenix Opening, Phoenix Opening, Zealot Archon 

Get SALT Encoding   

  12  0:01  Probe  
  13  0:14  Pylon  
  13  0:17  Probe  
  14  0:32  Probe (Chrono Boost)  
  14  0:35  Gateway  
  15  0:41  Probe (Chrono Boost)  
  16  0:51  Assimilator x2  
  16  0:53  Probe (Chrono Boost)  
  17  1:05  Probe (Chrono Boost)  
  18  1:12  Pylon  
  18  1:14  Probe (Chrono Boost)  
  19  1:22  Cybernetics Core, Probe  
  20  1:35  Probe (Chrono Boost)  
  21  1:45  Probe (Chrono Boost)  
  22  1:52  Probe  
  23  2:03  Nexus  
  23  2:06  Mothership Core (Chrono Boost)  
  25  2:09  Warp Gate  
  25  2:21  Stargate  
  25  2:23  Probe (Chrono Boost)  
  25  2:29  Stalker  
  28  2:38  Pylon  
  28  2:39  Probe (Chrono Boost)  
  29  2:51  Probe (Chrono Boost)  
  30  2:57  Probe (Chrono Boost)  
  31  3:05  Phoenix  
  33  3:07  Stalker  
  33  3:09  Probe (Chrono Boost)  
  38  3:20  Probe (Chrono Boost)  
  38  3:22  Probe (Chrono Boost)  
  37  3:28  Probe  
  37  3:30  Phoenix (Chrono Boost)  
  40  3:35  Probe  
  40  3:40  Probe  
  42  3:47  Probe  
  43  3:49  Stalker (Chrono Boost)  
  43  3:52  Probe  
  43  3:53  Pylon  
  43  3:54  Phoenix (Chrono Boost)  
  48  3:59  Probe  
  49  4:08  Probe  
  50  4:12  Phoenix (Chrono Boost)  
  50  4:14  Probe  
  53  4:18  Pylon  
  53  4:23  Probe (Chrono Boost)  
  54  4:27  Gateway  
  54  4:29  Gateway  
  54  4:30  Phoenix (Chrono Boost)  
  57  4:35  Probe x2 (Chrono Boost)  
  57  4:37  Stalker  
  60  4:42  Assimilator  
  60  4:45  Probe (Chrono Boost)  
  61  4:46  Probe (Chrono Boost), Assimilator  
  61  4:55  Probe, Phoenix (Chrono Boost)  
  61  4:59  Probe (Chrono Boost)  
  65  5:00  Pylon  
  65  5:05  Protoss Air Weapons Level 1  
  65  5:07  Forge  
  65  5:12  Probe (Chrono Boost)  
  65  5:13  Probe (Chrono Boost)  
  67  5:20  Probe (Chrono Boost)  
  68  5:23  Phoenix  
  70  5:30  Probe  
  70  5:32  Pylon  
  70  5:35  Twilight Council  
  71  5:48  Sentry, Zealot, Phoenix (Chrono Boost)  
  75  5:56  Stalker  
  77  5:58  Protoss Ground Weapons Level 1 (Chrono Boost)  
  77  5:59  Gateway x2  
  77  6:00  Gateway  
  77  6:08  Probe  
  76  6:16  Probe  
  73  6:20  Probe  
  72  6:26  Stalker x2  
  72  6:28  Probe  
  72  6:32  Probe  
  78  6:37  Zealot  
  78  6:38  Charge (Chrono Boost)  
  80  6:41  Probe (Chrono Boost)  
  80  6:42  Pylon  
  80  6:44  Nexus  
  80  6:46  Pylon  
  81  6:53  Mothership Core (Chrono Boost)  
  83  7:02  Zealot x4  
  83  7:07  Templar Archives, Probe (Chrono Boost)  
  93  7:13  Probe (Chrono Boost)  
  93  7:17  Probe (Chrono Boost)  
  93  7:22  Probe (Chrono Boost)  
  95  7:25  Zealot  
  95  7:26  Zealot  
  100  7:33  Probe (Chrono Boost)  
  100  7:35  Gateway, Assimilator  
  100  7:36  Gateway, Assimilator  
  100  7:47  Pylon  
  100  7:48  Pylon  
  100  7:50  Pylon  
  100  7:55  Forge  
  100  8:05  High Templar x2  
  104  8:06  High Templar  
  107  8:12  Probe  
  107  8:13  Probe  
  107  8:17  Zealot, High Templar  
  112  8:21  Probe  
  112  8:25  Probe, Pylon  
  113  8:28  High Templar  
  115  8:36  Gateway  
  115  8:37  Gateway  
  115  8:39  Probe, Pylon  
  114  8:45  Archon x2  
  114  8:47  Zealot x3  
  112  8:50  Zealot  

Tags
 
Add a new tag
Caveats
  • Supply blocks, unpowered buildings, or Contaminate may cause inaccurate times.
  • Supply counts are checked every 10 seconds.